 Dungeon Crawl Stone Soup version 0.31-a0-167-g1c394c0614 (webtiles) character file.

Game seed: 17325278709736112361

2953 qw the Skirmisher (level 9, -4/86 HPs)
             Began as a Naga Hunter on June 14, 2023.
             Slain by an orange demon (5 damage)
             ... led by Amaemon
             ... on level 8 of the Dungeon.
             The game lasted 00:02:38 (6832 turns).

qw the Skirmisher (Naga Hunter)                     Turns: 6832, Time: 00:02:39

Health: -4/86      AC: 18    Str: 12    XL:     9   Next: 81%
Magic:  9/9        EV: 12    Int:  9    God:
Gold:   884        SH:  0    Dex: 23    Spells: 8/8 levels left

rFire   . . .        Y - +0 orcbow (heavy)
rCold   . . .        (shield currently unavailable)
rNeg    . . .        g - +2 steam dragon scales
rPois   +            h - +2 helmet
rElec   .            (no cloak)
rCorr   .            l - +2 pair of gloves
SInv    +            (no barding)
Will    ++...        o - amulet of faith
Stlth   ++           d - +4 ring of protection
HPRegen 0.34/turn    a - ring of willpower
MPRegen 0.11/turn

%: faith
@: lethally poisoned (-4 -> -15), about to teleport, short of breath, slowed,
very slow
A: AC +3, large, see invisible, deformed body, poison resistance, slowness 2,
spit poison 1, naga tail 1, agile 1
a: Spit Poison


You were on level 8 of the Dungeon.
You visited 2 branches of the dungeon, and saw 9 of its levels.

You collected 1195 gold pieces.
You spent 311 gold pieces at shops.


Innate Abilities, Weirdness & Mutations

Your serpentine skin is tough. (AC +3)
You have supernaturally acute eyesight. (SInv)
Armour fits poorly on your strangely shaped body.
Your system is resistant to poisons. (rPois)
You cover ground very slowly.
You can spit poison.
You have a snake-like lower body.
You are agile. (Dex +4, Str/Int -1)


   Skills:
 - Level 7.1 Fighting
 + Level 10.0 Ranged Weapons
 - Level 2.1 Armour
 - Level 4.0 Dodging
 - Level 1.5 Stealth


You had 8 spell levels left.
You didn't know any spells.
Your spell library was empty.

Inventory:

Hand Weapons
 Y - a +0 heavy orcbow (weapon)
Armour
 g - +2 steam dragon scales (worn)
 h - a +2 helmet (worn)
 l - a +2 pair of gloves (worn)
Jewellery
 a - a ring of willpower (right hand)
 b - a ring of positive energy
 c - a ring of resist corrosion
 d - a +4 ring of protection (left hand)
 i - an amulet of regeneration
 k - a ring of ice
 o - an amulet of faith (around neck)
Scrolls
 j - 4 scrolls of identify
 m - a scroll of vulnerability {unknown}
Potions
 e - a potion of mutation
 f - 8 potions of curing

Dungeon Overview and Level Annotations

Branches:
Dungeon (8/15)             Temple (1/1) D:7
   Lair: D:8-11

Altars:
Ashenzari
Cheibriados
Elyvilon
Fedhas
Gozag
Hepliaklqana
Kikubaaqudgha
Makhleb
Qazlal
Ru
Sif Muna
Trog
Uskayaw
Vehumet
Wu Jian
Xom
Yredelemnul
Zin
The Shining One

Shops:
D:2 (   D:8 ?


Message History

Amaemon points at the orange demon and mumbles some strange words.
The orange demon seems to grow toxic.
The orange demon barely misses you.
You shoot an arrow. The arrow barely misses Amaemon.
The arrow hits the scorpion!!
You kill the scorpion!
The scorpion's corpse disappears in a puff of smoke!
You feel sick.
Amaemon casts a spell.
The orange demon stings you but does no damage.
Amaemon misses you. Amaemon claws you!
Amaemon tail-slaps you but does no damage.
The orange demon barely misses you.
6830 ||| READING scroll of teleportation.
As you read the scroll of teleportation, it crumbles to dust.
You feel strangely unstable.
You have got your breath back.
You feel sick. Amaemon hits you but does no damage. Amaemon closely misses you.
Amaemon tail-slaps you but does no damage.
The orange demon stings you but does no damage.
The scorpion closely misses you.
The scorpion stings you but does no damage.
6831 ||| DRINKING potion of heal wounds.
You feel much better.
You feel sick.
The scorpion disappears in a puff of smoke!
The scorpion barely misses you. The scorpion stings you.
Amaemon hits you with a +1 demon whip of venom!
You are more poisoned.
Amaemon claws you but does no damage. Amaemon tail-slaps you.
The orange demon stings you from afar.
You have difficulty breathing.
You feel yourself slow down.
6832 ||| INVOKING Spit Poison.
Aiming: Spit Poison (1% risk of failure)
Press: ? - help, Shift-Dir - straight line, f/p - Amaemon The splash of poison hits Amaemon!
You kill Amaemon!
The scorpion disappears in a puff of smoke! x7
You feel very sick. The orange demon stings you from afar.
You die...

#.######..# #.# ##
#......#..## #.#
#.####.#...# ### #####.#
#...#'# #.. ......#
#####.# #.#
.####.######...##
#.#..+...}..# #
#.#.###.}\}¤###¤## #
#.#.###..}.¤@)¤¤.# #.#
.####.....##...###4¤.....
#<# #.........##.###
.¤.#### #.#
.########.##'# #.## #.#
########.#...#.# 4# #.#
........###....# .. #.#
########.#.##### .# #.#
##.## .# #.[ #.# ###


You could see an orange demon (curare).

Vanquished Creatures
  Amaemon (D:8)
  A wyvern (D:8)
  2 steam dragons (D:7)
  A water moccasin (D:5)
  3 orc warriors
  2 black bears
  An ogre (D:5)
  2 centaurs
  2 phantoms
  3 bullfrogs
  4 scorpions
  4 wights (D:7)
  3 killer bees (D:8)
  2 electric eels (D:6)
  3 howler monkeys (D:8)
  4 hounds
  An orc priest (D:5)
  A jelly (D:5)
  A sleepcap (D:5)
  3 iguanas
  4 orc wizards
  Robin (D:4)
  3 gnolls (D:5)
  6 adders
  A shadow imp (D:5)
  3 white imps
  3 ufetubi
  3 worms
  2 dart slugs (D:1)
  18 orcs
  8 ball pythons
  A bat zombie (D:4)
  11 endoplasms
  4 giant cockroaches
  14 goblins
  9 hobgoblins
  8 jackals
  4 quokkas
  9 bats
  7 frilled lizards
  3 kobolds
  4 rats
  3 rat zombies (D:4)
173 creatures vanquished.

Notes
Turn   | Place    | Note
-------+----------+-------------------------------------------
     0 | D:1      | qw the Naga Hunter began the quest for the Orb.
     0 | D:1      | Reached XP level 1. HP: 19/19 MP: 1/1
     0 | D:1      | 0 ||| qw: Version: 0.2-a-29-g1fa15c8
     0 | D:1      | 0 ||| qw: Game counter: 4877
     0 | D:1      | 0 ||| qw: Always use a shield: true
     0 | D:1      | 0 ||| qw: God list: Okawaru
     0 | D:1      | 0 ||| qw: Allow faded altars: false
     0 | D:1      | 0 ||| qw: Do Orc after D:15 true
     0 | D:1      | 0 ||| qw: Do second Lair branch before Depths: true
     0 | D:1      | 0 ||| qw: Lair rune preference: random
     0 | D:1      | 0 ||| qw: Plans: Normal
     0 | D:1      | 0 ||| PLANNING D:1-11
    14 | D:1      | 14 ||| INVOKING Spit Poison.
    26 | D:1      | 26 ||| INVOKING Spit Poison.
    33 | D:1      | 33 ||| INVOKING Spit Poison.
    70 | D:1      | 70 ||| INVOKING Spit Poison.
    72 | D:1      | Reached skill level 4 in Ranged Weapons
    72 | D:1      | Reached XP level 2. HP: 26/26 MP: 2/2
    97 | D:1      | 97 ||| INVOKING Spit Poison.
   102 | D:1      | 102 ||| INVOKING Spit Poison.
   106 | D:1      | 106 ||| INVOKING Spit Poison.
   143 | D:1      | 143 ||| INVOKING Spit Poison.
   146 | D:1      | 146 ||| INVOKING Spit Poison.
   158 | D:1      | 158 ||| INVOKING Spit Poison.
   234 | D:1      | 234 ||| INVOKING Spit Poison.
   237 | D:1      | 237 ||| Stepping ~*~*~tactically~*~*~ (outnumbered).
   239 | D:1      | 239 ||| INVOKING Spit Poison.
   245 | D:1      | 245 ||| INVOKING Spit Poison.
   301 | D:1      | 301 ||| INVOKING Spit Poison.
   302 | D:1      | 302 ||| INVOKING Spit Poison.
   303 | D:1      | Reached XP level 3. HP: 32/32 MP: 3/3
   356 | D:1      | 356 ||| INVOKING Spit Poison.
   386 | D:1      | 386 ||| INVOKING Spit Poison.
   498 | D:1      | 498 ||| INVOKING Spit Poison.
   538 | D:1      | 538 ||| INVOKING Spit Poison.
   549 | D:1      | 549 ||| INVOKING Spit Poison.
   736 | D:1      | 736 ||| READING scroll labelled JUXOAM GORE.
   737 | D:1      | 737 ||| READING scroll labelled FYABLA KIKY.
   738 | D:1      | 738 ||| DRINKING 2 cyan potions.
   739 | D:1      | 739 ||| DRINKING 2 inky potions.
   740 | D:1      | 740 ||| DROPPING scroll of butterflies.
   741 | D:1      | 741 ||| DROPPING potion of degeneration.
   774 | D:2      | Found Ymaicrok's Weapon Shoppe.
   775 | D:2      | 775 ||| INVOKING Spit Poison.
   778 | D:2      | 778 ||| INVOKING Spit Poison.
   780 | D:2      | 780 ||| STAIRDANCE
   784 | D:1      | 784 ||| INVOKING Spit Poison.
   873 | D:2      | 873 ||| INVOKING Spit Poison.
   883 | D:2      | 883 ||| INVOKING Spit Poison.
   894 | D:2      | 894 ||| INVOKING Spit Poison.
   939 | D:2      | 939 ||| INVOKING Spit Poison.
   944 | D:2      | 944 ||| INVOKING Spit Poison.
   947 | D:2      | 947 ||| INVOKING Spit Poison.
   952 | D:2      | 952 ||| INVOKING Spit Poison.
   998 | D:2      | 998 ||| INVOKING Spit Poison.
  1000 | D:2      | Reached skill level 5 in Ranged Weapons
  1000 | D:2      | Reached XP level 4. HP: 39/39 MP: 4/4
  1070 | D:2      | 1070 ||| INVOKING Spit Poison.
  1111 | D:2      | 1111 ||| INVOKING Spit Poison.
  1137 | D:2      | 1137 ||| INVOKING Spit Poison.
  1138 | D:2      | 1138 ||| INVOKING Spit Poison.
  1204 | D:2      | 1204 ||| INVOKING Spit Poison.
  1211 | D:2      | 1211 ||| INVOKING Spit Poison.
  1348 | D:2      | 1348 ||| INVOKING Spit Poison.
  1357 | D:2      | 1357 ||| INVOKING Spit Poison.
  1360 | D:2      | 1360 ||| INVOKING Spit Poison.
  1387 | D:2      | 1387 ||| INVOKING Spit Poison.
  1437 | D:2      | 1437 ||| READING 3 scrolls labelled YHYEKH JIOHAWN.
  1438 | D:2      | 1438 ||| READING 2 scrolls of enchant weapon.
  1438 | D:2      | 1438 ||| ENCHANTING +1 shortbow.
  1439 | D:2      | 1439 ||| READING scroll of enchant weapon.
  1439 | D:2      | 1439 ||| ENCHANTING +2 shortbow.
  1440 | D:2      | 1440 ||| READING scroll labelled APLOIRHA VIQI.
  1511 | D:2      | 1511 ||| DRINKING 3 fuming white potions.
  1512 | D:2      | 1512 ||| DROPPING 2 potions of attraction.
  1537 | D:3      | 1537 ||| INVOKING Spit Poison.
  1565 | D:3      | 1565 ||| INVOKING Spit Poison.
  1580 | D:3      | Identified the +5 mace "Miugagoa" {drain, Fragile rC+
                  | Dex+3}
  1719 | D:3      | 1719 ||| INVOKING Spit Poison.
  1762 | D:3      | 1762 ||| INVOKING Spit Poison.
  1954 | D:3      | 1954 ||| INVOKING Spit Poison.
  1962 | D:3      | 1962 ||| INVOKING Spit Poison.
  1967 | D:3      | Reached skill level 3 in Fighting
  2226 | D:3      | 2226 ||| UPGRADING to ring of positive energy.
  2227 | D:3      | 2227 ||| READING scroll labelled CASHIM DITHITSOT.
  2228 | D:3      | 2228 ||| READING scroll labelled ESOCEXZ WUNWITO.
  2232 | D:3      | 2232 ||| READING scroll labelled ORUIWN NACU.
  2233 | D:3      | 2233 ||| READING scroll labelled WUJAJA DUENIU.
  2234 | D:3      | 2234 ||| READING scroll labelled XATEYRGH EKOUM.
  2235 | D:3      | 2235 ||| DRINKING 2 black potions.
  2236 | D:3      | 2236 ||| DRINKING 2 lumpy silvery potions.
  2237 | D:3      | 2237 ||| DROPPING potion of brilliance.
  2260 | D:4      | 2260 ||| INVOKING Spit Poison.
  2264 | D:4      | Reached XP level 5. HP: 49/49 MP: 5/5
  2280 | D:4      | 2280 ||| INVOKING Spit Poison.
  2311 | D:4      | 2311 ||| INVOKING Spit Poison.
  2312 | D:4      | 2312 ||| INVOKING Spit Poison.
  2336 | D:4      | 2336 ||| INVOKING Spit Poison.
  2337 | D:4      | Noticed a phantom
  2341 | D:4      | 2341 ||| INVOKING Spit Poison.
  2348 | D:4      | 2348 ||| INVOKING Spit Poison.
  2354 | D:4      | 2354 ||| INVOKING Spit Poison.
  2356 | D:4      | Killed a phantom
  2358 | D:4      | 2358 ||| INVOKING Spit Poison.
  2470 | D:4      | 2470 ||| INVOKING Spit Poison.
  2485 | D:4      | Noticed Robin
  2486 | D:4      | 2486 ||| Stepping ~*~*~tactically~*~*~ (outnumbered).
  2487 | D:4      | 2487 ||| INVOKING Spit Poison.
  2494 | D:4      | 2494 ||| INVOKING Spit Poison.
  2499 | D:4      | 2499 ||| INVOKING Spit Poison.
  2503 | D:4      | 2503 ||| INVOKING Spit Poison.
  2507 | D:4      | Reached skill level 6 in Ranged Weapons
  2507 | D:4      | Reached XP level 6. HP: 27/56 MP: 6/6
  2508 | D:4      | 2508 ||| INVOKING Spit Poison.
  2514 | D:4      | 2514 ||| INVOKING Spit Poison.
  2535 | D:4      | 2535 ||| INVOKING Spit Poison.
  2539 | D:4      | 2539 ||| INVOKING Spit Poison.
  2544 | D:4      | Killed Robin
  2655 | D:4      | 2655 ||| INVOKING Spit Poison.
  2660 | D:4      | 2660 ||| INVOKING Spit Poison.
  2665 | D:4      | 2665 ||| INVOKING Spit Poison.
  2665 | D:4      | HP: 10/56 [iguana (12)]
  2666 | D:4      | 2666 ||| DRINKING potion of heal wounds.
  2772 | D:4      | 2772 ||| INVOKING Spit Poison.
  2801 | D:4      | 2801 ||| INVOKING Spit Poison.
  2804 | D:4      | 2804 ||| INVOKING Spit Poison.
  2874 | D:4      | 2874 ||| UPGRADING to +2 hat.
  2879 | D:4      | 2879 ||| UPGRADING to +1 helmet.
  2889 | D:4      | 2889 ||| DROPPING +2 hat.
  2890 | D:4      | 2890 ||| UPGRADING to ring of resist corrosion.
  2898 | D:4      | 2898 ||| STAIRDANCE
  3011 | D:4      | 3011 ||| INVOKING Spit Poison.
  3014 | D:4      | 3014 ||| INVOKING Spit Poison.
  3056 | D:4      | 3056 ||| READING scroll of enchant armour.
  3056 | D:4      | 3056 ||| ENCHANTING +1 helmet.
  3063 | D:4      | 3063 ||| INVOKING Spit Poison.
  3098 | D:4      | Found an ancient bone altar of Kikubaaqudgha.
  3141 | D:4      | 3141 ||| STAIRDANCE
  3145 | D:3      | Found an opulent altar of Gozag.
  3211 | D:5      | Entered Level 5 of the Dungeon
  3219 | D:5      | 3219 ||| INVOKING Spit Poison.
  3222 | D:5      | 3222 ||| INVOKING Spit Poison.
  3228 | D:5      | 3228 ||| INVOKING Spit Poison.
  3231 | D:5      | 3231 ||| INVOKING Spit Poison.
  3232 | D:5      | Reached XP level 7. HP: 64/64 MP: 7/7
  3238 | D:5      | Found a radiant altar of Vehumet.
  3242 | D:5      | 3242 ||| INVOKING Spit Poison.
  3246 | D:5      | 3246 ||| INVOKING Spit Poison.
  3354 | D:5      | 3354 ||| INVOKING Spit Poison.
  3399 | D:5      | Found a shimmering altar of Xom.
  3400 | D:5      | Found a hazy altar of Hepliaklqana.
  3401 | D:5      | Noticed a spectral ugly thing
  3418 | D:5      | 3418 ||| INVOKING Spit Poison.
  3422 | D:5      | Reached skill level 7 in Ranged Weapons
  3599 | D:5      | 3599 ||| INVOKING Spit Poison.
  3603 | D:5      | 3603 ||| INVOKING Spit Poison.
  3608 | D:5      | 3608 ||| INVOKING Spit Poison.
  3612 | D:5      | 3612 ||| INVOKING Spit Poison.
  3639 | D:5      | 3639 ||| INVOKING Spit Poison.
  3643 | D:5      | Reached skill level 8 in Ranged Weapons
  3643 | D:5      | Reached XP level 8. HP: 72/72 MP: 8/8
  3920 | D:5      | Found a shimmering blue altar of Sif Muna.
  3920 | D:5      | Found a snail-covered altar of Cheibriados.
  3921 | D:5      | 3921 ||| INVOKING Spit Poison.
  3945 | D:5      | Found a blossoming altar of Fedhas.
  3947 | D:5      | Found a glowing silver altar of Zin.
  3949 | D:5      | Found a glowing golden altar of the Shining One.
  3985 | D:5      | 3985 ||| READING scroll labelled WUCEHU MIVESUO.
  3985 | D:5      | Identified a scroll of acquirement
  3985 | D:5      | 3985 ||| ACQUIRING 798 gold pieces
  3985 | D:5      | Acquired 798 gold pieces
  3987 | D:5      | 3987 ||| READING scroll labelled HOKHUDUCES.
  3988 | D:5      | 3988 ||| READING scroll labelled KAGIANKU YMACE.
  3989 | D:5      | 3989 ||| READING scroll labelled CIUBLUGUBB.
  3990 | D:5      | 3990 ||| DRINKING 2 white potions.
  3990 | D:5      | Gained mutation: You are agile. (Dex +4, Str/Int -1)
                  | [potion of mutation]
  4009 | D:6      | 4009 ||| INVOKING Spit Poison.
  4016 | D:6      | 4016 ||| Stepping ~*~*~tactically~*~*~ (outnumbered).
  4018 | D:6      | 4018 ||| Stepping ~*~*~tactically~*~*~ (outnumbered).
  4019 | D:6      | 4019 ||| INVOKING Spit Poison.
  4021 | D:6      | 4021 ||| STAIRDANCE
  4023 | D:5      | 4023 ||| INVOKING Spit Poison.
  4028 | D:5      | 4028 ||| INVOKING Spit Poison.
  4152 | D:6      | 4152 ||| INVOKING Spit Poison.
  4153 | D:6      | 4153 ||| Stepping ~*~*~tactically~*~*~ (outnumbered).
  4159 | D:6      | 4159 ||| INVOKING Spit Poison.
  4166 | D:6      | 4166 ||| INVOKING Spit Poison.
  4172 | D:6      | Reached skill level 3 in Dodging
  4422 | D:6      | 4422 ||| INVOKING Spit Poison.
  4425 | D:6      | 4425 ||| INVOKING Spit Poison.
  4502 | D:6      | Identified the +1 long sword "Vodesop" {drain, rPois Dex+3
                  | Stlth+}
  4526 | D:6      | Identified the +1 leather armour "Unour" {Stlth+}
  4542 | D:6      | 4542 ||| INVOKING Spit Poison.
  4722 | D:6      | 4722 ||| UPGRADING to +0 orcbow.
  4723 | D:6      | 4723 ||| DROPPING +3 shortbow of draining.
  4725 | D:6      | 4725 ||| INVOKING Spit Poison.
  4870 | D:6      | 4870 ||| INVOKING Spit Poison.
  4874 | D:6      | Reached skill level 9 in Ranged Weapons
  4996 | D:6      | 4996 ||| UPGRADING to +2 pair of gloves.
  5001 | D:6      | 5001 ||| UPGRADING to +1 leather armour "Unour" {Stlth+}.
  5011 | D:6      | 5011 ||| DROPPING +0 leather armour.
  5012 | D:6      | 5012 ||| UPGRADING to amulet of faith.
  5017 | D:6      | 5017 ||| UPGRADING to +4 ring of protection.
  5019 | D:6      | 5019 ||| DROPPING ring of ice.
  5160 | D:7      | 5160 ||| INVOKING Spit Poison.
  5164 | D:7      | 5164 ||| INVOKING Spit Poison.
  5169 | D:7      | Reached skill level 1 in Armour
  5178 | D:7      | 5178 ||| Stepping ~*~*~tactically~*~*~ (cloud).
  5182 | D:7      | 5182 ||| INVOKING Spit Poison.
  5189 | D:7      | 5189 ||| INVOKING Spit Poison.
  5193 | D:7      | Reached skill level 6 in Fighting
  5193 | D:7      | Reached XP level 9. HP: 37/82 MP: 9/9
  5404 | D:7      | 5404 ||| INVOKING Spit Poison.
  5414 | D:7      | Found a staircase to the Ecumenical Temple.
  5415 | D:7      | 5415 ||| PLANNING TEMPLE
  5415 | D:7      | 5415 ||| INVOKING Spit Poison.
  5421 | D:7      | 5421 ||| UPGRADING to ring of willpower.
  5423 | D:7      | 5423 ||| READING scroll labelled RASEZUEBUZ.
  5529 | Temple   | Entered the Ecumenical Temple
  5618 | Temple   | 5618 ||| PLANNING D:1-11
  5724 | D:7      | 5724 ||| INVOKING Spit Poison.
  5910 | D:7      | 5910 ||| INVOKING Spit Poison.
  6063 | D:7      | 6063 ||| INVOKING Spit Poison.
  6084 | D:7      | 6084 ||| READING scroll of brand weapon.
  6084 | D:7      | 6084 ||| BRANDING +0 orcbow.
  6225 | D:7      | 6225 ||| UPGRADING to +0 steam dragon scales.
  6235 | D:7      | 6235 ||| DROPPING +1 leather armour "Unour" {Stlth+}.
  6236 | D:7      | 6236 ||| READING 2 scrolls of identify.
  6236 | D:7      | 6236 ||| IDENTIFYING fizzy blue potion
  6237 | D:7      | 6237 ||| DROPPING potion of berserk rage.
  6282 | D:8      | Reached skill level 10 in Ranged Weapons
  6305 | D:8      | 6305 ||| INVOKING Spit Poison.
  6310 | D:8      | 6310 ||| INVOKING Spit Poison.
  6314 | D:8      | 6314 ||| INVOKING Spit Poison.
  6319 | D:8      | 6319 ||| INVOKING Spit Poison.
  6348 | D:8      | 6348 ||| INVOKING Spit Poison.
  6351 | D:8      | 6351 ||| INVOKING Spit Poison.
  6387 | D:8      | 6387 ||| INVOKING Spit Poison.
  6392 | D:8      | 6392 ||| INVOKING Spit Poison.
  6397 | D:8      | 6397 ||| INVOKING Spit Poison.
  6419 | D:8      | 6419 ||| INVOKING Spit Poison.
  6436 | D:8      | 6436 ||| INVOKING Spit Poison.
  6440 | D:8      | 6440 ||| INVOKING Spit Poison.
  6445 | D:8      | 6445 ||| INVOKING Spit Poison.
  6448 | D:8      | 6448 ||| INVOKING Spit Poison.
  6517 | D:8      | 6517 ||| INVOKING Spit Poison.
  6522 | D:8      | 6522 ||| INVOKING Spit Poison.
  6578 | D:8      | 6578 ||| INVOKING Spit Poison.
  6583 | D:8      | 6583 ||| INVOKING Spit Poison.
  6586 | D:8      | 6586 ||| INVOKING Spit Poison.
  6591 | D:8      | 6591 ||| INVOKING Spit Poison.
  6596 | D:8      | 6596 ||| INVOKING Spit Poison.
  6745 | D:8      | Found Peeditez's Antique Weapon Shoppe.
  6791 | D:8      | Found Apleung's Magic Scroll Emporium.
  6797 | D:8      | 6797 ||| BUYING scroll of enchant armour (97 gold).
  6797 | D:8      | Bought a scroll of enchant armour for 97 gold pieces
  6797 | D:8      | 6797 ||| BUYING scroll of enchant armour (97 gold).
  6797 | D:8      | Bought a scroll of enchant armour for 97 gold pieces
  6797 | D:8      | 6797 ||| BUYING scroll of identify (26 gold).
  6797 | D:8      | Bought a scroll of identify for 26 gold pieces
  6797 | D:8      | 6797 ||| BUYING scroll of identify (26 gold).
  6797 | D:8      | Bought a scroll of identify for 26 gold pieces
  6797 | D:8      | 6797 ||| BUYING scroll of identify (26 gold).
  6797 | D:8      | Bought a scroll of identify for 26 gold pieces
  6797 | D:8      | 6797 ||| BUYING scroll of teleportation (39 gold).
  6797 | D:8      | Bought a scroll of teleportation for 39 gold pieces
  6797 | D:8      | 6797 ||| READING 2 scrolls of enchant armour.
  6797 | D:8      | 6797 ||| ENCHANTING +0 steam dragon scales.
  6798 | D:8      | 6798 ||| READING scroll of enchant armour.
  6798 | D:8      | 6798 ||| ENCHANTING +1 steam dragon scales.
  6813 | D:8      | Noticed Amaemon
  6813 | D:8      | Noticed an orange demon
  6814 | D:8      | 6814 ||| Stepping ~*~*~tactically~*~*~ (outnumbered).
  6816 | D:8      | 6816 ||| Stepping ~*~*~tactically~*~*~ (outnumbered).
  6817 | D:8      | 6817 ||| INVOKING Spit Poison.
  6822 | D:8      | 6822 ||| INVOKING Spit Poison.
  6825 | D:8      | 6825 ||| INVOKING Spit Poison.
  6828 | D:8      | 6828 ||| INVOKING Spit Poison.
  6829 | D:8      | HP: 20/86 [Amaemon/+1 demon whip of venom (8)]
  6830 | D:8      | 6830 ||| READING scroll of teleportation.
  6831 | D:8      | 6831 ||| DRINKING potion of heal wounds.
  6831 | D:8      | HP: 7/86 [asphyx]
  6832 | D:8      | 6832 ||| INVOKING Spit Poison.
  6832 | D:8      | Killed Amaemon
  6832 | D:8      | HP: 1/86 [poisoned by Amaemon]
  6832 | D:8      | Slain by an orange demon

Levels and vault maps discovered:
D:1:      co_arrival_random_square_maze, layout_basic
D:2:      layout_basic, serial_shops, shop
D:3:      layout_loops_ring, nicolae_overflow_hidden_temple,
          minmay_misc_feat_rugged, hangedman_decor_clover_reticule
D:4:      layout_basic, lemuel_zombie_altar_kikubaaqudgha, item_on_display_a,
          uniq_robin
D:5:      layout_rooms, chequers_temple_overflow_minitemple, vehumet_crystals,
          regret_index_temple_of_mockery
D:6:      layout_loops_ring, grunt_ministairs_1, serial_bayou_lagoon_b
D:7:      nicolae_cairo_tiling_large, layout_loops_ring,
          minmay_temple_entry_nine_rooms
D:8:      layout_loops_ring, serial_shops, nicolae_shop_advertising_works
          [nicolae_subvault_shop_adworks], nicolae_shop_rolling_square,
          uniq_amaemon
Temple:   kb_temple_of_zot

Skill      XL: |  1  2  3  4  5  6  7  8  9 |
---------------+----------------------------+-----
Ranged Weapons | 4 5 6 8 9 10 | 10.0
Fighting       | 3 4 6 7 |  7.1
Dodging        | 2 3 4 |  4.0
Armour         | 1 2 |  2.1
Stealth        | |  1.5

Action                     |  1- 3 |  4- 6 |  7- 9 || total
---------------------------+-------+-------+-------++-------
   Fire: Shortbow          |    70 |   135 |   109 ||   314
         Orcbow            |       |       |   126 ||   126
Ability: Spit Poison       |    30 |    45 |    57 ||   132
    Use: Scroll            |     2 |    10 |    10 ||    22
         Potion            |     2 |     4 |     2 ||     8
 Armour: Leather armour    |     8 |    22 |    52 ||    82
         Steam dragon scal |       |       |    62 ||    62
  Dodge: Dodged            |    15 |    47 |   130 ||   192

Table legend:
 A = Non-vault XP
 B = Vault XP
 C = Vault XP percentage of total XP
 D = Non-vault monster count
 E = Vault monster count
 F = Vault count percentage of total count
                 A         B        C        D         E       F
            +---------+---------+-------+---------+---------+-------
      Total |    4068 |     920 |  18.4 |     153 |      19 |  11.0
            +---------+---------+-------+---------+---------+-------
        D:1 |      52 |       0 |   0.0 |      26 |       0 |   0.0
        D:2 |      72 |       0 |   0.0 |      27 |       0 |   0.0
        D:3 |      38 |       0 |   0.0 |      10 |       0 |   0.0
        D:4 |     281 |      40 |  12.5 |      23 |      16 |  41.0
        D:5 |     953 |       0 |   0.0 |      19 |       0 |   0.0
        D:6 |     542 |     111 |  17.0 |      12 |       2 |  14.3
        D:7 |    1124 |       0 |   0.0 |      14 |       0 |   0.0
        D:8 |    1006 |     769 |  43.3 |      22 |       1 |   4.3
            +---------+---------+-------+---------+---------+-------
